 Dungeon Crawl Stone Soup version 0.30-a0-170-g85af917532 (webtiles) character file.

Game seed: 3242743643871142429

155792 qw the Severer (level 17, -8/112 HPs)
             Began as a Gargoyle Fighter on Sept 30, 2022.
             Was a High Priest of Okawaru.
             Mangled by a wolf spider (13 damage)
             ... on level 2 of the Spider Nest.
             The game lasted 00:14:28 (30105 turns).

qw the Severer (Gargoyle Fighter)                  Turns: 30105, Time: 00:14:29

Health: -8/112     AC: 54    Str: 26    XL:     17   Next: 65%
Magic:  24/24      EV: 12    Int: 11    God:    Okawaru [*****.]
Gold:   1342       SH: 19    Dex:  9    Spells: 16/16 levels left

rFire   + . .      SeeInvis +    a - +4 broad axe "Xaczer" {vorpal, *Slow +Blink rF++ rN+}
rCold   + + .      Faith    .    x - +0 kite shield
rNeg    + + .      Spirit   .    u - +10 ice dragon scales "Kaykitut" {rF- rC++ Will+}
rPois   inf        Reflect  +    n - +2 helmet
rElec   +          Harm     .    w - +2 cloak
rCorr   .          Rampage  inf  s - +1 Delatra's gloves {ID++}
Will    ++...                    h - +3 pair of seven-league boots {Rampage+∞}
Stlth   +.........               A - amulet of reflection
HPRegen 0.28/turn                C - +4 ring of slaying {mikee}
MPRegen 0.19/turn                E - ring of see invisible

@: heroic, flying
A: sickness immunity, AC +12, big wings, negative energy resistance 1,
electricity resistance, torment resistance 1, petrification resistance
a: Renounce Religion, Evoke Blink, Heroism, Finesse, Duel


You were on level 2 of the Spider Nest.
You worshipped Okawaru.
Okawaru was extremely pleased with you.
You visited 6 branches of the dungeon, and saw 29 of its levels.

You collected 3294 gold pieces.
You spent 1952 gold pieces at shops.


Innate Abilities, Weirdness & Mutations

You are immune to sickness and miasma.
Your stone body is resilient. (AC +12)
You are immune to poison.
Your large and strong wings let you fly.
You resist negative energy. (rN+)
You are resistant to electric shocks. (rElec)
You are resistant to unholy torment.
You are immune to petrification.


   Skills:
 + Level 14.5(19.5) Fighting
 - Level 18.0(23.0) Axes
 - Level 8.0(13.0) Throwing
 - Level 13.0(18.0) Armour
 - Level 4.0(9.0) Dodging
 - Level 14.0(19.0) Shields
 - Level 10.0 Invocations


You had 16 spell levels left.
You didn't know any spells.
Your spell library was empty.

Inventory:

Hand Weapons
 a - the +4 broad axe "Xaczer" (weapon) {vorpal, *Slow +Blink rF++ rN+}
   (You acquired it on level 1 of the Dungeon)

   It inflicts extra damage upon your enemies.
   rF:        It greatly protects you from fire.
   rN:        It protects you from negative energy.
   +Blink:    It lets you blink.
   *Slow:     It may slow you when you take damage.
 z - a +0 broad axe of flaming
 D - a +7 broad axe of draining
Missiles
 m - 16 boomerangs
 o - 4 javelins
 r - 3 silver javelins (quivered)
 I - a silver boomerang
Armour
 h - the +3 pair of seven-league boots (worn) {Rampage+∞}
   (You found it on level 5 of the Lair of Beasts)

   Its wearer moves as far as possible in that direction when moving towards
   enemies.
 n - a +2 helmet (worn)
 s - the +1 Delatra's gloves (worn) {ID++}
   (You found it on level 4 of the Dungeon)

   It heals its wearer when they drink unknown potions.
   It restores its wearer's MP when they read unknown scrolls.
 u - the +10 ice dragon scales "Kaykitut" (worn) {rF- rC++ Will+}
   (You found it on level 5 of the Dungeon)

   rF:        It makes you vulnerable to fire.
   rC:        It greatly protects you from cold.
   Will:      It increases your willpower.
 w - a +2 cloak (worn)
 x - a +0 kite shield (worn)
 B - +0 acid dragon scales
 G - the +1 pair of gloves of Cedik {rF+ Dex-4 Stlth+}
   (You bought it in a shop on level 2 of the Orcish Mines)

   Dex:       It affects your dexterity (-4).
   rF:        It protects you from fire.
   Stlth:     It makes you more stealthy.
 H - the +1 helmet of the Known World {rCorr Int+6 Dex-2}
   (Okawaru gifted it to you on level 12 of the Dungeon)

   Int:       It affects your intelligence (+6).
   Dex:       It affects your dexterity (-2).
   rCorr:     It protects you from acid and corrosion.
 L - a +4 chain mail of fire resistance
Jewellery
 l - a ring of fire
 t - a ring of resist corrosion
 y - a ring of protection from fire
 A - an amulet of reflection (around neck)
 C - a +4 ring of slaying (left hand) {mikee}
 E - a ring of see invisible (right hand)
 K - a +4 ring of protection
Scrolls
 j - 16 scrolls of identify
 k - 2 scrolls of enchant armour
 v - 7 scrolls of enchant weapon
 J - a scroll of brand weapon
Potions
 b - 5 potions of lignification
 d - 9 potions of might
 e - 8 potions of haste
 f - 5 potions of attraction
 g - 7 potions of curing
 i - 2 potions of resistance
 q - a potion of cancellation
 F - 4 potions of mutation

Dungeon Overview and Level Annotations

Branches:
Dungeon (15/15)            Temple (1/1) D:4            Lair (5/5) D:9
 Shoals (3/4) Lair:2       Spider (3/4) Lair:3        Slime (0/5) Lair:5
    Orc (2/2) D:12            Elf (0/3) Orc:2        Vaults (0/5) D:13
 Depths (0/4) D:15

Altars:
Ashenzari
Cheibriados
Dithmenos
Elyvilon
Fedhas
Gozag
Hepliaklqana
Kikubaaqudgha
Makhleb
Nemelex Xobeh
Okawaru
Qazlal
Ru
Sif Muna
Trog
Uskayaw
Vehumet
Wu Jian
Xom
Yredelemnul
Zin
The Shining One
Ignis
Jiyva
Lugonu

Shops:
D:4 *   D:12 (   D:13 :(!   D:15 (   Orc:2 [([(

Portals:
Abyss: Lair:5
Trove: D:13 (give 4 scrolls of fog)

Annotations:
D:11 3 runed translucent doors
D:14 3 runed translucent doors, Cofimnas's ghost, journeyman FoFi
Shoals:1 2 transporters


Message History

The culicivora is severely wounded.
You block the culicivora's attack.
You chop the culicivora into pieces!!!
You kill the culicivora!
Okawaru accepts your kill.
A wolf spider comes into view.
The wolf spider's many legs skitter.
You hit the demonic crawler.
The demonic crawler is lightly wounded.
You hear a faint skittering sound.
A tarantella comes into view.
The demonic crawler shrieks in warning!
You hear a faint skittering sound. x2; You hear a shout!
You hear a hideous shriek!
You hear a faint skittering sound. x3
You slice the demonic crawler!!
The demonic crawler is heavily wounded.
You block the demonic crawler's attack.
The demonic crawler hits you but does no damage.
The demonic crawler barely misses you. The wolf spider hits you.
You block the wolf spider's attack.
You slash the demonic crawler!
The demonic crawler is almost dead.
You slash the wolf spider! You block the demonic crawler's attack.
The demonic crawler closely misses you. You block the demonic crawler's attack.
The wolf spider closely misses you. You block the wolf spider's attack.
You hit the demonic crawler.
The demonic crawler is almost dead.
You closely miss the tarantella. You slash the wolf spider!
The demonic crawler hits you but does no damage.
You block the demonic crawler's attack. x2; The tarantella closely misses you.
The wolf spider hits you. You block the wolf spider's attack.
You barely miss the demonic crawler.
The demonic crawler is almost dead.
You hit the tarantella. You barely miss the wolf spider.
You block the demonic crawler's attack. The demonic crawler hits you!
You block the demonic crawler's attack.
The tarantella touches you but does no damage.
The wolf spider hits you!
You die...

#.. ##..####
^.....#
#......##
##..)....###
#.^#.......#
#..#.%..#
##.s.>..##
#..s@.%.=#
#...s.......#
#..#........#
#.
##..##.....
#. #### #....
# #..# ###


You could see a demonic crawler, a wolf spider and a tarantella.

Vanquished Creatures
  Rupert (D:14)
  Polyphemus (Shoals:3)
  Kirke (D:13)
  Roxanne (D:14)
  A frost giant (D:15)
  An iron dragon (D:15)
  An emperor scorpion (Spider:2)
  A ghost moth (Spider:1)
  An orc warlord (Orc:1)
  Josephine (D:13)
  A merfolk javelineer (Shoals:2)
  6 merfolk impalers
  An entropy weaver (Spider:1)
  An entropy weaver (shapeshifter) (D:14)
  Fannar (D:11)
  7 hydras
  An ice dragon (Shoals:1)
  2 spriggan skeletons (D:15)
  A radroach (Spider:1)
  9 centaur warriors
  A merfolk avatar (Shoals:1)
  5 boulder beetles
  4 merfolk aquamancers
  6 two-headed ogres
  A satyr (Shoals:3)
  5 catoblepae
  2 tengu warriors (D:13)
  2 death yaks (Shoals:3)
  4 orc high priests (Orc:2)
  3 thrashing horrors (Lair:5)
  Nergalle (D:11)
  3 pharaoh ants (Spider:1)
  2 skeletal warriors (D:15)
  10 sea snakes
  A flayed ghost (D:15)
  3 steelbarb worms
  2 orb spiders (Spider:1)
  A necromancer (D:15)
  A wizard (D:13)
  A phantasmal warrior (D:15)
  6 harpies
  3 orc knights
  A shadow dragon skeleton (D:15)
  6 wolf spiders
  17 ugly things
  10 manticores
  3 fauns (Shoals:3)
  An orc sorcerer (Orc:2)
  3 oklob plants (Lair:5)
  8 cyclopes
  2 centaur zombies (D:10)
  2 moths of wrath (Spider:2)
  7 merfolk sirens
  6 black mambas
  3 torpor snails
  A guardian serpent (Lair:5)
  A centaur skeleton (D:10)
  2 water nymphs
  12 cane toads
  5 smoke demons (Lair:5)
  2 gargoyles
  2 large abominations (Lair:5)
  4 demonic crawlers
  5 rime drakes
  Psyche (D:8)
  3 ancient zymes (Lair:5)
  11 komodo dragons
  5 trolls
  3 polar bears
  7 meliai
  4 wind drakes
  22 merfolk
  A meliai zombie (D:10)
  9 tarantellas
  19 blink frogs
  7 snapping turtles
  23 dream sheep
  11 jumping spiders
  A ynoxinul (Lair:5)
  2 shadows (D:12)
  5 wyverns
  A centaur simulacrum (D:10)
  4 spriggans
  11 water elementals
  13 culicivoras
  A vampire (D:10)
  30 yaks
  4 wraiths (D:13)
  A human (D:13)
  Grum (D:9)
  3 fire bats (Lair:5)
  3 steam dragons
  3 hogs (D:13)
  8 basilisks
  43 redbacks
  3 vampire mosquitoes (D:12)
  5 wargs
  A glowing shapeshifter zombie (D:15)
  3 acid dragons
  10 water moccasins
  An ice beast (D:7)
  28 orc warriors
  A sky beast (D:7)
  2 black bears
  A black bear (shapeshifter) (D:15)
  11 ogres
  12 wolves
  12 centaurs
  6 kobold brigands
  A gnoll sergeant (D:8)
  7 bullfrogs
  2 scorpions
  2 necrophages (D:6)
  4 wights (D:8)
  10 small abominations (Lair:5)
  10 killer bees
  3 howler monkeys
  3 electric eels (Lair:2)
  2 lava snakes
  2 jellies
  A hound (D:6)
  40 orc priests
  A gnoll bouda (D:8)
  Jessica (D:3)
  Terence (D:2)
  4 iguanas
  31 orc wizards
  4 hell rats
  Robin (D:2)
  An adder (D:3)
  8 gnolls (D:8)
  2 white imps
  3 ufetubi
  2 worms (D:2)
  4 dart slugs
  80 orcs
  6 endoplasms
  A giant cockroach (D:4)
  12 goblins
  13 hobgoblins
  7 jackals
  8 quokkas
  4 ball pythons
  6 bats
  4 frilled lizards
  20 kobolds
  2 rats (D:2)
  A fire vortex (Lair:2)
880 creatures vanquished.

Vanquished Creatures (others)
  A fire giant (D:15)
  A merfolk (Shoals:2)
  A blink frog (Lair:5)
  32 fungi
  122 plants
  A withered plant (D:15)
158 creatures vanquished.

Grand Total: 1038 creatures vanquished

Notes
Turn   | Place    | Note
-------+----------+-------------------------------------------
     0 | D:1      | qw the Gargoyle Fighter began the quest for the Orb.
     0 | D:1      | Reached XP level 1. HP: 14/14 MP: 1/1
     0 | D:1      | 0 ||| qw: Version: 0.2-a-12-gaebbb33
     0 | D:1      | 0 ||| qw: Game counter: 1637
     0 | D:1      | 0 ||| qw: Always use a shield: true
     0 | D:1      | 0 ||| qw: God list: Okawaru
     0 | D:1      | 0 ||| qw: Allow faded altars: false
     0 | D:1      | 0 ||| qw: Do Orc after D:15 true
     0 | D:1      | 0 ||| qw: Do second Lair branch before Depths: true
     0 | D:1      | 0 ||| qw: Lair rune preference: random
     0 | D:1      | 0 ||| qw: Plans: Normal, Zot:1-4, God:TSO, Crypt, Tomb,
                  | Pan, Slime:5, Hells, Abyss, Orb
     0 | D:1      | 0 ||| PLANNING D:1-11
    21 | D:1      | Reached skill level 2 in Axes
   191 | D:1      | 191 ||| DROPPING +0 club.
   230 | D:1      | Reached XP level 2. HP: 19/19 MP: 2/2
   334 | D:1      | 334 ||| Stepping ~*~*~tactically~*~*~ (hiding).
   660 | D:1      | Reached skill level 3 in Axes
   788 | D:1      | Reached XP level 3. HP: 23/23 MP: 3/3
   899 | D:1      | Found a faded altar of an unknown god.
   904 | D:1      | 904 ||| Stepping ~*~*~tactically~*~*~ (stealth).
   911 | D:1      | 911 ||| Stepping ~*~*~tactically~*~*~ (stealth).
  1042 | D:1      | 1042 ||| UPGRADING to +2 ring mail of fire resistance.
  1052 | D:1      | 1052 ||| DROPPING +0 scale mail.
  1053 | D:1      | 1053 ||| READING scroll labelled VURYHU ARREDGHEDEL.
  1054 | D:1      | 1054 ||| READING scroll labelled BAFAOG JUGIUF.
  1054 | D:1      | Identified a scroll of acquirement
  1054 | D:1      | 1054 ||| ACQUIRING +4 broad axe "Xaczer" {vorpal, *Slow
                  | +Blink rF++ rN+}
  1054 | D:1      | Acquired the +4 broad axe "Xaczer" {vorpal, *Slow +Blink
                  | rF++ rN+}
  1056 | D:1      | 1056 ||| SWAPPING to +4 broad axe "Xaczer" {vorpal, *Slow
                  | +Blink rF++ rN+}.
  1057 | D:1      | 1057 ||| DROPPING +0 war axe.
  1058 | D:1      | 1058 ||| READING scroll labelled NEPSOQ XYSOTE.
  1061 | D:1      | 1061 ||| DRINKING 2 golden potions.
  1062 | D:1      | 1062 ||| DROPPING potion of brilliance.
  1209 | D:2      | Noticed Terence
  1210 | D:2      | 1210 ||| Stepping ~*~*~tactically~*~*~ (hiding).
  1216 | D:2      | Killed Terence
  1217 | D:2      | Reached XP level 4. HP: 26/28 MP: 4/4
  1255 | D:2      | 1255 ||| Stepping ~*~*~tactically~*~*~ (stealth).
  1261 | D:2      | 1261 ||| Stepping ~*~*~tactically~*~*~ (stealth).
  1268 | D:2      | 1268 ||| Stepping ~*~*~tactically~*~*~ (stealth).
  1283 | D:2      | Reached skill level 4 in Axes
  1312 | D:2      | Noticed Robin
  1313 | D:2      | 1313 ||| Stepping ~*~*~tactically~*~*~ (stealth).
  1315 | D:2      | 1315 ||| Stepping ~*~*~tactically~*~*~ (hiding).
  1319 | D:2      | Killed Robin
  1330 | D:2      | 1330 ||| Stepping ~*~*~tactically~*~*~ (hiding).
  1995 | D:2      | 1995 ||| UPGRADING to +0 helmet.
  2000 | D:2      | 2000 ||| READING scroll labelled DERAYFF NIJO.
  2001 | D:2      | 2001 ||| READING scroll labelled JEPSAE FA TOBB.
  2002 | D:2      | 2002 ||| READING scroll labelled COTHRI ORHEMU.
  2003 | D:2      | 2003 ||| READING scroll labelled CUUCAWK RUCIT.
  2004 | D:2      | 2004 ||| READING scroll labelled UNAIQAOPYR.
  2064 | D:3      | Found a basalt altar of Yredelemnul.
  2071 | D:3      | Noticed Jessica
  2078 | D:3      | Killed Jessica
  2079 | D:3      | Reached XP level 5. HP: 30/32 MP: 5/5
  2163 | D:3      | 2163 ||| Stepping ~*~*~tactically~*~*~ (hiding).
  2520 | D:3      | 2520 ||| Stepping ~*~*~tactically~*~*~ (stealth).
  2521 | D:3      | 2521 ||| Stepping ~*~*~tactically~*~*~ (stealth).
  2955 | D:3      | 2955 ||| UPGRADING to +1 helmet.
  2965 | D:3      | 2965 ||| DROPPING +0 helmet.
  2966 | D:3      | 2966 ||| UPGRADING to +0 plate armour.
  2976 | D:3      | 2976 ||| DROPPING +2 ring mail of fire resistance.
  2977 | D:3      | 2977 ||| DRINKING 2 viscous golden potions.
  3001 | D:3      | 3001 ||| DRINKING 2 grey potions.
  3051 | D:4      | 3051 ||| Stepping ~*~*~tactically~*~*~ (stealth).
  3072 | D:4      | 3072 ||| Stepping ~*~*~tactically~*~*~ (hiding).
  3078 | D:4      | Reached skill level 5 in Axes
  3250 | D:4      | 3250 ||| Stepping ~*~*~tactically~*~*~ (hiding).
  3251 | D:4      | 3251 ||| Stepping ~*~*~tactically~*~*~ (hiding).
  3275 | D:4      | Noticed an orc warrior
  3279 | D:4      | Reached XP level 6. HP: 36/38 MP: 6/6
  3279 | D:4      | 3279 ||| Stepping ~*~*~tactically~*~*~ (stealth).
  3292 | D:4      | Killed an orc warrior
  3295 | D:4      | 3295 ||| FLEEEEING.
  3296 | D:4      | 3296 ||| FLEEEEING.
  3297 | D:4      | 3297 ||| FLEEEEING.
  3298 | D:4      | 3298 ||| FLEEEEING.
  3315 | D:4      | Reached skill level 6 in Axes
  3451 | D:4      | 3451 ||| DROPPING +0 mace.
  3459 | D:4      | Found the +1 Delatra's gloves {ID++}
  3634 | D:4      | Found Joupagh's Elemental Accessories.
  3680 | D:4      | Found a staircase to the Ecumenical Temple.
  3681 | D:4      | 3681 ||| PLANNING TEMPLE
  3681 | D:4      | 3681 ||| FLEEEEING.
  3685 | D:4      | 3685 ||| FLEEEEING.
  3686 | D:4      | 3686 ||| FLEEEEING.
  3687 | D:4      | 3687 ||| FLEEEEING.
  3688 | D:4      | 3688 ||| FLEEEEING.
  3689 | D:4      | 3689 ||| FLEEEEING.
  3690 | D:4      | 3690 ||| FLEEEEING.
  3691 | D:4      | 3691 ||| STAIRDANCE
  3693 | D:3      | 3693 ||| UPGRADING to +1 pair of boots.
  3698 | D:3      | 3698 ||| UPGRADING to +1 Delatra's gloves {ID++}.
  3703 | D:3      | 3703 ||| UPGRADING to ring of resist corrosion.
  3704 | D:3      | 3704 ||| READING scroll labelled HEXKUO NAOLO.
  3705 | D:3      | 3705 ||| READING scroll labelled PUDOGGIWIU.
  3706 | D:3      | 3706 ||| DRINKING 2 pink potions.
  3709 | D:4      | 3709 ||| STAIRDANCE
  3715 | D:4      | 3715 ||| STAIRDANCE
  3733 | Temple   | Entered the Ecumenical Temple
  3773 | Temple   | 3773 ||| PLANNING D:1-11
  3836 | D:5      | Entered Level 5 of the Dungeon
  3837 | D:5      | 3837 ||| PLANNING OSSUARY
  3846 | D:5      | 3846 ||| READING scroll of enchant armour.
  3846 | D:5      | 3846 ||| ENCHANTING +1 helmet.
  3895 | D:5      | Identified the +10 ice dragon scales "Kaykitut" {rF- rC++
                  | Will+}
  3908 | D:5      | 3908 ||| FLEEEEING.
  3909 | D:5      | 3909 ||| FLEEEEING.
  3910 | D:5      | 3910 ||| FLEEEEING.
  3911 | D:5      | 3911 ||| Stepping ~*~*~tactically~*~*~ (hiding).
  4061 | D:5      | Reached XP level 7. HP: 23/43 MP: 7/7
  4572 | D:5      | 4572 ||| RIP OSSUARY
  4597 | D:5      | 4597 ||| PLANNING D:1-11
  4947 | D:5      | Found a snail-covered altar of Cheibriados.
  5171 | D:5      | 5171 ||| UPGRADING to +10 ice dragon scales "Kaykitut" {rF-
                  | rC++ Will+}.
  5181 | D:5      | 5181 ||| DRINKING 3 clear potions.
  5182 | D:5      | 5182 ||| READING 2 scrolls of identify.
  5182 | D:5      | 5182 ||| IDENTIFYING viscous emerald potion
  5183 | D:5      | 5183 ||| DROPPING potion of magic.
  5184 | D:5      | 5184 ||| DROPPING 2 potions of degeneration.
  5232 | D:6      | Reached skill level 7 in Axes
  5310 | D:6      | Reached XP level 8. HP: 49/49 MP: 8/8
  5324 | D:6      | Reached skill level 1 in Dodging
  5515 | D:6      | 5515 ||| Stepping ~*~*~tactically~*~*~ (stealth).
  5516 | D:6      | 5516 ||| Stepping ~*~*~tactically~*~*~ (stealth).
  5595 | D:6      | Found an opulent altar of Gozag.
  5596 | D:6      | Found a glowing silver altar of Zin.
  5706 | D:6      | 5706 ||| UPGRADING to +0 cloak.
  5711 | D:6      | 5711 ||| UPGRADING to ring of protection from fire.
  5712 | D:6      | 5712 ||| READING 2 scrolls labelled MUKLEF TAKK.
  5713 | D:6      | 5713 ||| READING scroll labelled SECIUT YLEECI.
  5765 | D:6      | 5765 ||| READING 2 scrolls of identify.
  5765 | D:6      | 5765 ||| IDENTIFYING black potion
  5766 | D:6      | 5766 ||| DROPPING scroll of blinking.
  5777 | D:7      | Noticed a two-headed ogre
  5786 | D:7      | Killed a two-headed ogre
  5787 | D:7      | Reached skill level 9 in Axes
  5803 | D:7      | Reached XP level 9. HP: 54/54 MP: 9/9
  5935 | D:7      | 5935 ||| FLEEEEING.
  5936 | D:7      | 5936 ||| FLEEEEING.
  5941 | D:7      | 5941 ||| STAIRDANCE
  5996 | D:7      | 5996 ||| Stepping ~*~*~tactically~*~*~ (hiding).
  5997 | D:7      | 5997 ||| Stepping ~*~*~tactically~*~*~ (stealth).
  6011 | D:7      | 6011 ||| Stepping ~*~*~tactically~*~*~ (stealth).
  6014 | D:7      | 6014 ||| Stepping ~*~*~tactically~*~*~ (stealth).
  6034 | D:7      | Reached skill level 6 in Fighting
  6119 | D:7      | 6119 ||| Stepping ~*~*~tactically~*~*~ (stealth).
  6230 | D:7      | Found a stormy altar of Qazlal.
  6347 | D:7      | Identified the +1 leather armour "Qucuulil" {Str+3}
  6396 | D:7      | Found a hazy altar of Hepliaklqana.
  6398 | D:7      | Found an iron altar of Okawaru.
  6399 | D:7      | 6399 ||| PLANNING OKAWARU WORSHIP
  6399 | D:7      | Found a radiant altar of Vehumet.
  6408 | D:7      | Found a sacrificial altar of Ru.
  6409 | D:7      | Found a hide-covered altar of Uskayaw.
  6414 | D:7      | Became a worshipper of Warmaster Okawaru
  6415 | D:7      | 6415 ||| PLANNING D:1-11
  6620 | D:7      | 6620 ||| READING scroll labelled HARISSOOCKI.
  6721 | D:7      | 6721 ||| READING 2 scrolls of identify.
  6721 | D:7      | 6721 ||| IDENTIFYING fizzy green potion
  6741 | D:8      | 6741 ||| Stepping ~*~*~tactically~*~*~ (hiding).
  6745 | D:8      | 6745 ||| Stepping ~*~*~tactically~*~*~ (stealth).
  6771 | D:8      | 6771 ||| READING scroll of enchant armour.
  6771 | D:8      | 6771 ||| ENCHANTING +1 pair of boots.
  6791 | D:8      | 6791 ||| Stepping ~*~*~tactically~*~*~ (stealth).
  6794 | D:8      | 6794 ||| Stepping ~*~*~tactically~*~*~ (stealth).
  6796 | D:8      | 6796 ||| Stepping ~*~*~tactically~*~*~ (hiding).
  6802 | D:8      | Reached skill level 6 in Armour
  6903 | D:8      | 6903 ||| DROPPING +2 vorpal flail.
  6910 | D:8      | 6910 ||| READING scroll of acquirement.
  6910 | D:8      | 6910 ||| ACQUIRING +0 helmet of a sewer {Harm Fly rPois
                  | Dex+5}
  6910 | D:8      | Acquired the +0 helmet of a sewer {Harm Fly rPois Dex+5}
  6912 | D:8      | 6912 ||| UPGRADING to +0 kite shield.
  6922 | D:8      | 6922 ||| DROPPING +0 buckler.
  6970 | D:8      | Reached skill level 6 in Shields
  6975 | D:8      | Reached * piety under Okawaru
  6979 | D:8      | Reached skill level 1 in Invocations
  6979 | D:8      | Reached XP level 10. HP: 49/63 MP: 9/11
  7046 | D:8      | 7046 ||| Stepping ~*~*~tactically~*~*~ (stealth).
  7051 | D:8      | 7051 ||| Stepping ~*~*~tactically~*~*~ (stealth).
  7058 | D:8      | 7058 ||| INVOKING Heroism.
  7073 | D:8      | 7073 ||| Stepping ~*~*~tactically~*~*~ (stealth).
  7075 | D:8      | 7075 ||| Stepping ~*~*~tactically~*~*~ (stealth).
  7077 | D:8      | 7077 ||| Stepping ~*~*~tactically~*~*~ (stealth).
  7077 | D:8      | Identified the +10 spear "Earthworm" {venom, rF- rCorr MP+9
                  | Str+2}
  7078 | D:8      | 7078 ||| Stepping ~*~*~tactically~*~*~ (hiding).
  7080 | D:8      | Noticed Psyche
  7081 | D:8      | 7081 ||| INVOKING Heroism.
  7083 | D:8      | 7083 ||| Stepping ~*~*~tactically~*~*~ (hiding).
  7086 | D:8      | 7086 ||| Stepping ~*~*~tactically~*~*~ (hiding).
  7093 | D:8      | Killed Psyche
  7094 | D:8      | Reached skill level 3 in Invocations
  7408 | D:8      | 7408 ||| INVOKING Heroism.
  7423 | D:8      | Reached skill level 1 in Throwing
  7505 | D:8      | 7505 ||| READING scroll of acquirement.
  7505 | D:8      | 7505 ||| ACQUIRING 711 gold pieces
  7505 | D:8      | Acquired 711 gold pieces
  7624 | D:8      | 7624 ||| READING scroll of enchant armour.
  7624 | D:8      | 7624 ||| ENCHANTING +0 cloak.
  7697 | D:8      | 7697 ||| READING 3 scrolls of identify.
  7697 | D:8      | 7697 ||| IDENTIFYING glowing black potion
  7698 | D:8      | 7698 ||| READING 2 scrolls of identify.
  7698 | D:8      | 7698 ||| IDENTIFYING murky clear potion
  7699 | D:8      | 7699 ||| DROPPING potion of invisibility.
  7760 | D:9      | 7760 ||| Stepping ~*~*~tactically~*~*~ (stealth).
  7773 | D:9      | 7773 ||| Stepping ~*~*~tactically~*~*~ (hiding).
  7909 | D:9      | 7909 ||| Stepping ~*~*~tactically~*~*~ (stealth).
  7910 | D:9      | 7910 ||| INVOKING Heroism.
  7916 | D:9      | Noticed Grum
  7928 | D:9      | Reached ** piety under Okawaru
  7935 | D:9      | 7935 ||| INVOKING Heroism.
  7939 | D:9      | Reached skill level 3 in Throwing
  7951 | D:9      | Killed Grum
  7955 | D:9      | 7955 ||| FLEEEEING.
  7961 | D:9      | 7961 ||| STAIRDANCE
  8018 | D:9      | 8018 ||| STAIRDANCE
  8020 | D:8      | 8020 ||| INVOKING Heroism.
  8038 | D:9      | 8038 ||| STAIRDANCE
  8054 | D:9      | Found a staircase to the Lair.
  8107 | D:9      | 8107 ||| INVOKING Heroism.
  8110 | D:9      | Reached skill level 9 in Shields
  8110 | D:9      | 8110 ||| Stepping ~*~*~tactically~*~*~ (hiding).
  8111 | D:9      | 8111 ||| Stepping ~*~*~tactically~*~*~ (hiding).
  8113 | D:9      | 8113 ||| Stepping ~*~*~tactically~*~*~ (hiding).
  8114 | D:9      | 8114 ||| Stepping ~*~*~tactically~*~*~ (hiding).
  8124 | D:9      | HP: 15/63 [orc warrior/+1 war axe of distortion (14)]
  8125 | D:9      | 8125 ||| READING 4 scrolls of teleportation.
  8126 | D:9      | 8126 ||| DRINKING 2 potions of heal wounds.
  8174 | D:9      | 8174 ||| INVOKING Heroism.
  8388 | D:9      | 8388 ||| READING scroll of enchant armour.
  8388 | D:9      | 8388 ||| ENCHANTING +1 cloak.
  8494 | D:9      | 8494 ||| PLANNING LAIR
  8494 | D:9      | 8494 ||| UPGRADING to amulet of reflection.
  8499 | D:9      | 8499 ||| READING scroll labelled DOREBE BAOXKI.
  8526 | Lair:1   | Entered Level 1 of the Lair of Beasts
  8606 | Lair:1   | Noticed a cane toad
  8608 | Lair:1   | 8608 ||| INVOKING Heroism.
  8614 | Lair:1   | Killed a cane toad
  8614 | Lair:1   | Reached *** piety under Okawaru
  8615 | Lair:1   | Reached skill level 10 in Axes
  8680 | Lair:1   | 8680 ||| INVOKING Heroism.
  8686 | Lair:1   | Reached XP level 11. HP: 67/67 MP: 11/14
  8727 | Lair:1   | Found a shimmering altar of Xom.
  8867 | Lair:1   | 8867 ||| Stepping ~*~*~tactically~*~*~ (hiding).
  9136 | Lair:1   | 9136 ||| Stepping ~*~*~tactically~*~*~ (stealth).
  9142 | Lair:1   | 9142 ||| Stepping ~*~*~tactically~*~*~ (stealth).
  9190 | Lair:1   | 9190 ||| INVOKING Heroism.
  9193 | Lair:1   | Reached **** piety under Okawaru
  9371 | Lair:1   | 9371 ||| DROPPING ring of wizardry.
  9372 | Lair:1   | 9372 ||| UPGRADING to +4 ring of slaying {mikee}.
  9374 | Lair:1   | 9374 ||| UPGRADING to ring of see invisible.
  9376 | Lair:1   | 9376 ||| DRINKING 2 amethyst potions.
  9377 | Lair:1   | 9377 ||| READING 2 scrolls of identify.
  9377 | Lair:1   | 9377 ||| IDENTIFYING murky yellow potion
  9378 | Lair:1   | 9378 ||| DROPPING potion of ambrosia.
  9379 | Lair:1   | 9379 ||| DROPPING potion of flight.
  9404 | Lair:2   | Found a staircase to the Shoals.
  9405 | Lair:2   | 9405 ||| INVOKING Heroism.
  9460 | Lair:2   | 9460 ||| INVOKING Heroism.
  9466 | Lair:2   | Received a gift from Okawaru
  9479 | Lair:2   | 9479 ||| INVOKING Heroism.
  9525 | Lair:2   | Identified the +4 war axe of the Swamp {speed, Int+4}
  9537 | Lair:2   | 9537 ||| INVOKING Heroism.
  9588 | Lair:2   | 9588 ||| INVOKING Heroism.
  9595 | Lair:2   | Reached skill level 11 in Axes
  9613 | Lair:2   | 9613 ||| Stepping ~*~*~tactically~*~*~ (stealth).
  9620 | Lair:2   | 9620 ||| Stepping ~*~*~tactically~*~*~ (stealth).
  9622 | Lair:2   | 9622 ||| Stepping ~*~*~tactically~*~*~ (stealth).
  9623 | Lair:2   | 9623 ||| INVOKING Heroism.
  9624 | Lair:2   | 9624 ||| Stepping ~*~*~tactically~*~*~ (stealth).
  9634 | Lair:2   | Received a gift from Okawaru
  9648 | Lair:2   | 9648 ||| INVOKING Heroism.
  9673 | Lair:2   | 9673 ||| INVOKING Heroism.
  9817 | Lair:2   | 9817 ||| INVOKING Heroism.
  9947 | Lair:2   | 9947 ||| INVOKING Heroism.
 10175 | Lair:2   | 10175 ||| INVOKING Heroism.
 10181 | Lair:2   | Reached skill level 6 in Invocations
 10382 | Lair:2   | 10382 ||| READING 2 scrolls of identify.
 10382 | Lair:2   | 10382 ||| IDENTIFYING sapphire potion
 10403 | Lair:3   | 10403 ||| INVOKING Heroism.
 10482 | Lair:3   | 10482 ||| INVOKING Heroism.
 10497 | Lair:3   | Reached XP level 12. HP: 64/75 MP: 17/17
 10501 | Lair:3   | Reached ***** piety under Okawaru
 10589 | Lair:3   | 10589 ||| INVOKING Heroism.
 10598 | Lair:3   | Reached skill level 9 in Fighting
 10614 | Lair:3   | 10614 ||| Stepping ~*~*~tactically~*~*~ (stealth).
 10615 | Lair:3   | 10615 ||| Stepping ~*~*~tactically~*~*~ (stealth).
 10617 | Lair:3   | 10617 ||| Stepping ~*~*~tactically~*~*~ (stealth).
 10620 | Lair:3   | 10620 ||| Stepping ~*~*~tactically~*~*~ (stealth).
 10636 | Lair:3   | 10636 ||| Stepping ~*~*~tactically~*~*~ (stealth).
 10639 | Lair:3   | 10639 ||| Stepping ~*~*~tactically~*~*~ (stealth).
 10640 | Lair:3   | 10640 ||| Stepping ~*~*~tactically~*~*~ (stealth).
 10642 | Lair:3   | 10642 ||| Stepping ~*~*~tactically~*~*~ (stealth).
 10646 | Lair:3   | 10646 ||| Stepping ~*~*~tactically~*~*~ (stealth).
 10649 | Lair:3   | 10649 ||| INVOKING Heroism.
 10654 | Lair:3   | Received a gift from Okawaru
 10665 | Lair:3   | 10665 ||| Stepping ~*~*~tactically~*~*~ (stealth).
 10666 | Lair:3   | 10666 ||| Stepping ~*~*~tactically~*~*~ (stealth).
 10694 | Lair:3   | Noticed a four-headed hydra
 10695 | Lair:3   | 10695 ||| Stepping ~*~*~tactically~*~*~ (stealth).
 10697 | Lair:3   | 10697 ||| INVOKING Heroism.
 10698 | Lair:3   | 10698 ||| SWAPPING to +0 morningstar.
 10699 | Lair:3   | 10699 ||| INVOKING Finesse.
 10709 | Lair:3   | Killed a four-headed hydra
 10710 | Lair:3   | 10710 ||| SWAPPING to +4 broad axe "Xaczer" {vorpal, *Slow
                  | +Blink rF++ rN+}.
 10717 | Lair:3   | 10717 ||| Stepping ~*~*~tactically~*~*~ (stealth).
 10777 | Lair:3   | 10777 ||| INVOKING Heroism.
 10921 | Lair:3   | 10921 ||| INVOKING Heroism.
 10928 | Lair:3   | Reached skill level 9 in Invocations
 10979 | Lair:3   | 10979 ||| INVOKING Heroism.
 10987 | Lair:3   | Received a gift from Okawaru
 10994 | Lair:3   | 10994 ||| DROPPING +4 war axe of the Swamp {speed, Int+4}.
 11023 | Lair:3   | 11023 ||| Stepping ~*~*~tactically~*~*~ (stealth).
 11025 | Lair:3   | 11025 ||| INVOKING Heroism.
 11026 | Lair:3   | 11026 ||| Stepping ~*~*~tactically~*~*~ (stealth).
 11027 | Lair:3   | 11027 ||| Stepping ~*~*~tactically~*~*~ (stealth).
 11068 | Lair:3   | 11068 ||| Stepping ~*~*~tactically~*~*~ (stealth).
 11070 | Lair:3   | 11070 ||| INVOKING Heroism.
 11148 | Lair:3   | 11148 ||| FLEEEEING.
 11150 | Lair:3   | 11150 ||| FLEEEEING.
 11152 | Lair:3   | 11152 ||| INVOKING Heroism.
 11453 | Lair:3   | 11453 ||| Stepping ~*~*~tactically~*~*~ (hiding).
 11460 | Lair:3   | 11460 ||| Stepping ~*~*~tactically~*~*~ (stealth).
 11461 | Lair:3   | 11461 ||| Stepping ~*~*~tactically~*~*~ (stealth).
 11470 | Lair:3   | 11470 ||| Stepping ~*~*~tactically~*~*~ (stealth).
 11473 | Lair:3   | 11473 ||| Stepping ~*~*~tactically~*~*~ (hiding).
 11503 | Lair:3   | Found a hole to the Spider Nest.
 11544 | Lair:3   | 11544 ||| DRINKING 2 viscous puce potions.
 11648 | Lair:3   | 11648 ||| DROPPING potion of berserk rage.
 11662 | Lair:4   | 11662 ||| DROPPING +0 morningstar.
 11680 | Lair:4   | Noticed a catoblepas
 11681 | Lair:4   | 11681 ||| INVOKING Heroism.
 11686 | Lair:4   | 11686 ||| INVOKING Finesse.
 11693 | Lair:4   | Killed a catoblepas
 11694 | Lair:4   | Reached skill level 12 in Axes
 11775 | Lair:4   | Noticed a boulder beetle
 11776 | Lair:4   | 11776 ||| INVOKING Heroism.
 11777 | Lair:4   | 11777 ||| INVOKING Finesse.
 11786 | Lair:4   | Killed a boulder beetle
 11787 | Lair:4   | Reached XP level 13. HP: 80/80 MP: 13/20
 11862 | Lair:4   | 11862 ||| INVOKING Heroism.
 11863 | Lair:4   | 11863 ||| INVOKING Finesse.
 11954 | Lair:4   | 11954 ||| Stepping ~*~*~tactically~*~*~ (stealth).
 11955 | Lair:4   | 11955 ||| Stepping ~*~*~tactically~*~*~ (stealth).
 11959 | Lair:4   | 11959 ||| Stepping ~*~*~tactically~*~*~ (stealth).
 11963 | Lair:4   | 11963 ||| Stepping ~*~*~tactically~*~*~ (stealth).
 11969 | Lair:4   | 11969 ||| Stepping ~*~*~tactically~*~*~ (stealth).
 11973 | Lair:4   | 11973 ||| INVOKING Heroism.
 12053 | Lair:4   | 12053 ||| INVOKING Heroism.
 12054 | Lair:4   | 12054 ||| INVOKING Finesse.
 12056 | Lair:4   | 12056 ||| SWAPPING to +0 broad axe of flaming.
 12065 | Lair:4   | 12065 ||| SWAPPING to +4 broad axe "Xaczer" {vorpal, *Slow
                  | +Blink rF++ rN+}.
 12320 | Lair:4   | 12320 ||| INVOKING Heroism.
 12425 | Lair:4   | 12425 ||| READING scroll labelled JIABRU VOEN.
 12426 | Lair:4   | 12426 ||| READING scroll labelled PEICENE GIAL.
 12435 | Lair:5   | Entered Level 5 of the Lair of Beasts
 12438 | Lair:5   | 12438 ||| STAIRDANCE
 12446 | Lair:5   | 12446 ||| STAIRDANCE
 12525 | Lair:5   | Found a viscous altar of Jiyva.
 12526 | Lair:5   | 12526 ||| INVOKING Heroism.
 12527 | Lair:5   | 12527 ||| INVOKING Finesse.
 12528 | Lair:5   | Found a staircase to the Slime Pits.
 12552 | Lair:5   | 12552 ||| READING 4 scrolls of teleportation.
 12561 | Lair:5   | 12561 ||| READING 3 scrolls of teleportation.
 12564 | Lair:5   | Received a gift from Okawaru
 12570 | Lair:5   | 12570 ||| READING 2 scrolls of teleportation.
 12580 | Lair:5   | 12580 ||| READING scroll of teleportation.
 12760 | Lair:5   | 12760 ||| INVOKING Heroism.
 12821 | Lair:5   | 12821 ||| Stepping ~*~*~tactically~*~*~ (hiding).
 12822 | Lair:5   | 12822 ||| Stepping ~*~*~tactically~*~*~ (hiding).
 13014 | Lair:5   | 13014 ||| INVOKING Heroism.
 13022 | Lair:5   | 13022 ||| INVOKING Finesse.
 13070 | Lair:5   | Found the +3 pair of seven-league boots {Rampage+∞}
 13071 | Lair:5   | 13071 ||| INVOKING Heroism.
 13080 | Lair:5   | Reached skill level 13 in Axes
 13172 | Lair:5   | 13172 ||| Stepping ~*~*~tactically~*~*~ (stealth).
 13173 | Lair:5   | 13173 ||| Stepping ~*~*~tactically~*~*~ (stealth).
 13176 | Lair:5   | 13176 ||| INVOKING Heroism.
 13195 | Lair:5   | 13195 ||| Stepping ~*~*~tactically~*~*~ (hiding).
 13200 | Lair:5   | 13200 ||| Stepping ~*~*~tactically~*~*~ (stealth).
 13229 | Lair:5   | 13229 ||| Stepping ~*~*~tactically~*~*~ (hiding).
 13357 | Lair:5   | 13357 ||| INVOKING Heroism.
 13372 | Lair:5   | Reached skill level 9 in Armour
 13376 | Lair:5   | 13376 ||| Stepping ~*~*~tactically~*~*~ (stealth).
 13378 | Lair:5   | 13378 ||| Stepping ~*~*~tactically~*~*~ (hiding).
 13399 | Lair:5   | 13399 ||| Stepping ~*~*~tactically~*~*~ (stealth).
 13412 | Lair:5   | 13412 ||| Stepping ~*~*~tactically~*~*~ (stealth).
 13413 | Lair:5   | 13413 ||| Stepping ~*~*~tactically~*~*~ (stealth).
 13419 | Lair:5   | 13419 ||| Stepping ~*~*~tactically~*~*~ (stealth).
 13421 | Lair:5   | 13421 ||| INVOKING Heroism.
 13608 | Lair:5   | 13608 ||| INVOKING Heroism.
 13635 | Lair:5   | 13635 ||| Stepping ~*~*~tactically~*~*~ (stealth).
 13663 | Lair:5   | 13663 ||| FLEEEEING.
 13664 | Lair:5   | 13664 ||| FLEEEEING.
 13665 | Lair:5   | 13665 ||| FLEEEEING.
 13666 | Lair:5   | 13666 ||| FLEEEEING.
 13667 | Lair:5   | 13667 ||| FLEEEEING.
 13668 | Lair:5   | 13668 ||| FLEEEEING.
 13669 | Lair:5   | 13669 ||| FLEEEEING.
 13670 | Lair:5   | 13670 ||| FLEEEEING.
 13671 | Lair:5   | 13671 ||| FLEEEEING.
 13672 | Lair:5   | 13672 ||| FLEEEEING.
 13673 | Lair:5   | 13673 ||| FLEEEEING.
 13674 | Lair:5   | 13674 ||| FLEEEEING.
 13675 | Lair:5   | 13675 ||| FLEEEEING.
 13676 | Lair:5   | 13676 ||| FLEEEEING.
 13677 | Lair:5   | 13677 ||| FLEEEEING.
 13678 | Lair:5   | 13678 ||| INVOKING Heroism.
 13841 | Lair:5   | 13841 ||| INVOKING Heroism.
 13876 | Lair:5   | 13876 ||| INVOKING Heroism.
 13880 | Lair:5   | 13880 ||| FLEEEEING.
 13881 | Lair:5   | 13881 ||| FLEEEEING.
 13882 | Lair:5   | 13882 ||| FLEEEEING.
 13883 | Lair:5   | 13883 ||| FLEEEEING.
 13884 | Lair:5   | 13884 ||| FLEEEEING.
 13885 | Lair:5   | 13885 ||| FLEEEEING.
 13886 | Lair:5   | 13886 ||| FLEEEEING.
 13887 | Lair:5   | 13887 ||| FLEEEEING.
 13888 | Lair:5   | 13888 ||| FLEEEEING.
 13889 | Lair:5   | 13889 ||| FLEEEEING.
 13890 | Lair:5   | 13890 ||| FLEEEEING.
 13891 | Lair:5   | 13891 ||| FLEEEEING.
 13892 | Lair:5   | 13892 ||| FLEEEEING.
 13893 | Lair:5   | 13893 ||| FLEEEEING.
 13894 | Lair:5   | 13894 ||| FLEEEEING.
 13895 | Lair:5   | 13895 ||| FLEEEEING.
 13896 | Lair:5   | 13896 ||| FLEEEEING.
 13897 | Lair:5   | 13897 ||| INVOKING Heroism.
 13909 | Lair:5   | Reached skill level 14 in Axes
 14220 | Lair:5   | 14220 ||| INVOKING Heroism.
 14291 | Lair:5   | 14291 ||| INVOKING Heroism.
 14297 | Lair:5   | Gained mutation: Your large and strong wings let you fly.
                  | [Gargoyle growth]
 14297 | Lair:5   | Reached XP level 14. HP: 55/88 MP: 18/21
 14443 | Lair:5   | 14443 ||| INVOKING Heroism.
 14452 | Lair:5   | 14452 ||| Stepping ~*~*~tactically~*~*~ (stealth).
 14453 | Lair:5   | 14453 ||| Stepping ~*~*~tactically~*~*~ (stealth).
 14524 | Lair:5   | 14524 ||| INVOKING Heroism.
 14673 | Lair:5   | Found a corrupted altar of Lugonu.
 14673 | Lair:5   | Found a one-way gate to the infinite horrors of the Abyss.
 14733 | Lair:5   | 14733 ||| INVOKING Heroism.
 14734 | Lair:5   | 14734 ||| INVOKING Finesse.
 15091 | Lair:5   | 15091 ||| PLANNING D:1-11
 15091 | Lair:5   | 15091 ||| DROPPING +0 cloak of stealth.
 15092 | Lair:5   | 15092 ||| UPGRADING to +3 pair of seven-league boots
                  | {Rampage+∞}.
 15102 | Lair:5   | 15102 ||| DROPPING +2 pair of boots.
 15103 | Lair:5   | 15103 ||| DROPPING +0 helmet of a sewer {Harm Fly rPois
                  | Dex+5}.
 15226 | D:10     | Entered Level 10 of the Dungeon
 15230 | D:10     | 15230 ||| INVOKING Heroism.
 15232 | D:10     | Reached skill level 3 in Dodging
 15356 | D:10     | 15356 ||| Stepping ~*~*~tactically~*~*~ (hiding).
 15470 | D:10     | 15470 ||| INVOKING Heroism.
 15479 | D:10     | Received a gift from Okawaru
 15520 | D:10     | 15520 ||| Stepping ~*~*~tactically~*~*~ (hiding).
 15538 | D:10     | 15538 ||| Stepping ~*~*~tactically~*~*~ (hiding).
 15542 | D:10     | 15542 ||| Stepping ~*~*~tactically~*~*~ (hiding).
 15656 | D:10     | 15656 ||| Stepping ~*~*~tactically~*~*~ (hiding).
 15660 | D:10     | 15660 ||| INVOKING Heroism.
 16170 | D:11     | 16170 ||| Stepping ~*~*~tactically~*~*~ (hiding).
 16172 | D:11     | 16172 ||| Stepping ~*~*~tactically~*~*~ (hiding).
 16175 | D:11     | 16175 ||| Stepping ~*~*~tactically~*~*~ (hiding).
 16176 | D:11     | 16176 ||| Stepping ~*~*~tactically~*~*~ (hiding).
 16299 | D:11     | Noticed Nergalle
 16303 | D:11     | 16303 ||| INVOKING Heroism.
 16310 | D:11     | Killed Nergalle
 16377 | D:11     | 16377 ||| Stepping ~*~*~tactically~*~*~ (stealth).
 16379 | D:11     | 16379 ||| Stepping ~*~*~tactically~*~*~ (stealth).
 16437 | D:11     | Received a gift from Okawaru
 16438 | D:11     | Reached skill level 12 in Shields
 16541 | D:11     | Noticed Fannar
 16542 | D:11     | 16542 ||| Stepping ~*~*~tactically~*~*~ (hiding).
 16557 | D:11     | Killed Fannar
 16661 | D:11     | 16661 ||| Stepping ~*~*~tactically~*~*~ (hiding).
 16662 | D:11     | 16662 ||| Stepping ~*~*~tactically~*~*~ (hiding).
 16665 | D:11     | 16665 ||| INVOKING Heroism.
 16667 | D:11     | 16667 ||| Stepping ~*~*~tactically~*~*~ (hiding).
 16668 | D:11     | 16668 ||| Stepping ~*~*~tactically~*~*~ (hiding).
 16669 | D:11     | 16669 ||| Stepping ~*~*~tactically~*~*~ (hiding).
 16849 | D:11     | Found a runed translucent gate.
 16849 | D:11     | Found a runed translucent gate.
 16849 | D:11     | Found a runed translucent gate.
 16904 | D:11     | 16904 ||| INVOKING Heroism.
 16959 | D:11     | 16959 ||| Stepping ~*~*~tactically~*~*~ (stealth).
 16962 | D:11     | 16962 ||| Stepping ~*~*~tactically~*~*~ (stealth).
 17177 | D:11     | 17177 ||| PLANNING D
 17241 | D:12     | 17241 ||| INVOKING Heroism.
 17366 | D:12     | Found Gacaskik's Weapon Emporium.
 17399 | D:12     | 17399 ||| INVOKING Heroism.
 17444 | D:12     | Found a staircase to the Orcish Mines.
 17506 | D:12     | 17506 ||| INVOKING Heroism.
 17515 | D:12     | Identified the +1 helmet of the Known World {rCorr Int+6
                  | Dex-2} (Okawaru gifted it to you on level 12 of the
                  | Dungeon)
 17515 | D:12     | Received a gift from Okawaru
 17573 | D:12     | 17573 ||| Stepping ~*~*~tactically~*~*~ (stealth).
 17695 | D:12     | 17695 ||| READING 12 scrolls of identify.
 17695 | D:12     | 17695 ||| IDENTIFYING red potion
 17759 | D:13     | 17759 ||| Stepping ~*~*~tactically~*~*~ (hiding).
 17760 | D:13     | 17760 ||| INVOKING Heroism.
 17768 | D:13     | Reached skill level 15 in Axes
 17784 | D:13     | 17784 ||| SWAPPING to +0 broad axe of flaming.
 17791 | D:13     | 17791 ||| SWAPPING to +4 broad axe "Xaczer" {vorpal, *Slow
                  | +Blink rF++ rN+}.
 17801 | D:13     | 17801 ||| Stepping ~*~*~tactically~*~*~ (stealth).
 17802 | D:13     | 17802 ||| Stepping ~*~*~tactically~*~*~ (stealth).
 17804 | D:13     | 17804 ||| Stepping ~*~*~tactically~*~*~ (stealth).
 17815 | D:13     | 17815 ||| FLEEEEING.
 17821 | D:13     | 17821 ||| INVOKING Heroism.
 17945 | D:13     | Found a gate to the Vaults.
 18013 | D:13     | 18013 ||| Stepping ~*~*~tactically~*~*~ (hiding).
 18014 | D:13     | 18014 ||| Stepping ~*~*~tactically~*~*~ (hiding).
 18015 | D:13     | 18015 ||| Stepping ~*~*~tactically~*~*~ (hiding).
 18113 | D:13     | Found a portal to a secret trove of treasure.
 18193 | D:13     | 18193 ||| Stepping ~*~*~tactically~*~*~ (hiding).
 18196 | D:13     | Reached skill level 12 in Fighting
 18352 | D:13     | 18352 ||| Stepping ~*~*~tactically~*~*~ (hiding).
 18353 | D:13     | 18353 ||| Stepping ~*~*~tactically~*~*~ (hiding).
 18355 | D:13     | 18355 ||| INVOKING Heroism.
 18468 | D:13     | Found Ofib's Distillery.
 18483 | D:13     | 18483 ||| BUYING 2 potions of heal wounds (140 gold).
 18483 | D:13     | Bought 2 potions of heal wounds for 140 gold pieces
 18483 | D:13     | 18483 ||| BUYING 2 potions of mutation (224 gold).
 18483 | D:13     | Bought 2 potions of mutation for 224 gold pieces
 18483 | D:13     | 18483 ||| BUYING potion of attraction (42 gold).
 18483 | D:13     | Bought a potion of attraction for 42 gold pieces
 18483 | D:13     | 18483 ||| BUYING potion of curing (42 gold).
 18483 | D:13     | Bought a potion of curing for 42 gold pieces
 18483 | D:13     | 18483 ||| BUYING potion of haste (140 gold).
 18483 | D:13     | Bought a potion of haste for 140 gold pieces
 18483 | D:13     | 18483 ||| BUYING potion of haste (140 gold).
 18483 | D:13     | Bought a potion of haste for 140 gold pieces
 18483 | D:13     | 18483 ||| BUYING potion of might (56 gold).
 18483 | D:13     | Bought a potion of might for 56 gold pieces
 18495 | D:13     | Found Wiusi's Weapon Shoppe.
 18524 | D:13     | 18524 ||| Stepping ~*~*~tactically~*~*~ (hiding).
 18529 | D:13     | 18529 ||| INVOKING Heroism.
 18530 | D:13     | 18530 ||| INVOKING Finesse.
 18591 | D:13     | Reached XP level 15. HP: 77/96 MP: 22/22
 19018 | D:13     | Found Dyisuus's Book Shop.
 19245 | D:14     | Noticed Josephine
 19245 | D:14     | Noticed Kirke
 19246 | D:14     | 19246 ||| INVOKING Heroism.
 19247 | D:14     | 19247 ||| STAIRDANCE
 19259 | D:14     | 19259 ||| STAIRDANCE
 19261 | D:13     | 19261 ||| INVOKING Finesse.
 19268 | D:13     | Killed Kirke
 19301 | D:14     | 19301 ||| STAIRDANCE
 19303 | D:13     | 19303 ||| INVOKING Heroism.
 19316 | D:13     | Killed Josephine
 19319 | D:14     | 19319 ||| STAIRDANCE
 19335 | D:14     | 19335 ||| STAIRDANCE
 19460 | D:14     | 19460 ||| INVOKING Finesse.
 19468 | D:14     | Reached skill level 16 in Axes
 19510 | D:14     | Found a runed translucent gate.
 19511 | D:14     | Found a runed translucent gate.
 19512 | D:14     | Found a runed translucent gate.
 19515 | D:14     | Noticed Cofimnas's ghost (journeyman FoFi)
 19577 | D:14     | 19577 ||| Stepping ~*~*~tactically~*~*~ (stealth).
 19580 | D:14     | 19580 ||| INVOKING Heroism.
 19721 | D:14     | 19721 ||| INVOKING Heroism.
 19723 | D:14     | 19723 ||| INVOKING Finesse.
 19724 | D:14     | 19724 ||| SWAPPING to +0 broad axe of flaming.
 19727 | D:14     | 19727 ||| Stepping ~*~*~tactically~*~*~ (stealth).
 19731 | D:14     | 19731 ||| SWAPPING to +4 broad axe "Xaczer" {vorpal, *Slow
                  | +Blink rF++ rN+}.
 19808 | D:14     | 19808 ||| Stepping ~*~*~tactically~*~*~ (stealth).
 19810 | D:14     | 19810 ||| Stepping ~*~*~tactically~*~*~ (stealth).
 19827 | D:14     | Received a gift from Okawaru
 19873 | D:14     | 19873 ||| DROPPING +0 broad axe of venom.
 19880 | D:14     | Noticed Roxanne
 19881 | D:14     | 19881 ||| INVOKING Heroism.
 19882 | D:14     | 19882 ||| INVOKING Finesse.
 19899 | D:14     | Killed Roxanne
 19997 | D:14     | 19997 ||| Stepping ~*~*~tactically~*~*~ (stealth).
 20019 | D:14     | 20019 ||| INVOKING Heroism.
 20020 | D:14     | 20020 ||| SWAPPING to +0 broad axe of flaming.
 20025 | D:14     | 20025 ||| SWAPPING to +4 broad axe "Xaczer" {vorpal, *Slow
                  | +Blink rF++ rN+}.
 20163 | D:14     | Noticed Rupert
 20164 | D:14     | 20164 ||| INVOKING Heroism.
 20165 | D:14     | 20165 ||| INVOKING Finesse.
 20179 | D:14     | Killed Rupert
 20310 | D:14     | 20310 ||| INVOKING Heroism.
 20311 | D:14     | 20311 ||| INVOKING Finesse.
 20314 | D:14     | 20314 ||| SWAPPING to +0 broad axe of flaming.
 20320 | D:14     | 20320 ||| SWAPPING to +4 broad axe "Xaczer" {vorpal, *Slow
                  | +Blink rF++ rN+}.
 20553 | D:14     | 20553 ||| DROPPING ring of willpower.
 20571 | D:15     | Entered Level 15 of the Dungeon
 20587 | D:15     | Noticed a frost giant
 20614 | D:15     | Identified the +2 rapier "Adeu" {speed, Will+ Dex+4}
 20614 | D:15     | Noticed an iron dragon
 20618 | D:15     | 20618 ||| READING scroll labelled EGITEPOVVU.
 20619 | D:15     | 20619 ||| READING 4 scrolls of teleportation.
 20690 | D:15     | Identified the +6 hand axe of Doors {venom, Int+2 Dex+5}
 20698 | D:15     | 20698 ||| Stepping ~*~*~tactically~*~*~ (hiding).
 20699 | D:15     | 20699 ||| INVOKING Heroism.
 20713 | D:15     | Killed a frost giant
 20735 | D:15     | Noticed a fire giant
 20896 | D:15     | 20896 ||| READING 3 scrolls of teleportation.
 20898 | D:15     | Found a basalt altar of Yredelemnul.
 20912 | D:15     | 20912 ||| READING 2 scrolls of teleportation.
 21056 | D:15     | Found a staircase to the Depths.
 21069 | D:15     | 21069 ||| INVOKING Heroism.
 21084 | D:15     | Received a gift from Okawaru
 21115 | D:15     | 21115 ||| FLEEEEING.
 21116 | D:15     | 21116 ||| FLEEEEING.
 21117 | D:15     | 21117 ||| FLEEEEING.
 21119 | D:15     | 21119 ||| FLEEEEING.
 21121 | D:15     | 21121 ||| FLEEEEING.
 21122 | D:15     | 21122 ||| FLEEEEING.
 21123 | D:15     | 21123 ||| FLEEEEING.
 21124 | D:15     | 21124 ||| FLEEEEING.
 21125 | D:15     | 21125 ||| FLEEEEING.
 21126 | D:15     | 21126 ||| FLEEEEING.
 21127 | D:15     | 21127 ||| FLEEEEING.
 21128 | D:15     | 21128 ||| FLEEEEING.
 21129 | D:15     | 21129 ||| FLEEEEING.
 21130 | D:15     | 21130 ||| FLEEEEING.
 21131 | D:15     | 21131 ||| FLEEEEING.
 21132 | D:15     | 21132 ||| INVOKING Heroism.
 21343 | D:15     | 21343 ||| Stepping ~*~*~tactically~*~*~ (stealth).
 21347 | D:15     | 21347 ||| Stepping ~*~*~tactically~*~*~ (hiding).
 21357 | D:15     | 21357 ||| INVOKING Heroism.
 21358 | D:15     | Killed a fire giant
 21509 | D:15     | 21509 ||| READING scroll of teleportation.
 21538 | D:15     | Received a gift from Okawaru
 21538 | D:15     | Found the +5 robe of Night {Dark Will+ SInv}
 21730 | D:15     | Killed an iron dragon
 21812 | D:15     | Found Goin's Weapon Boutique.
 21819 | D:15     | 21819 ||| INVOKING Heroism.
 21820 | D:15     | 21820 ||| SWAPPING to +0 broad axe of flaming.
 21824 | D:15     | 21824 ||| SWAPPING to +4 broad axe "Xaczer" {vorpal, *Slow
                  | +Blink rF++ rN+}.
 21959 | D:15     | Identified the +2 robe of Januo {rC+ Int+4 Dex+4}
 22056 | D:15     | 22056 ||| PLANNING ORC
 22056 | D:15     | 22056 ||| DROPPING ring of positive energy.
 22174 | Orc:1    | Entered Level 1 of the Orcish Mines
 22175 | Orc:1    | 22175 ||| INVOKING Heroism.
 22180 | Orc:1    | 22180 ||| Stepping ~*~*~tactically~*~*~ (stealth).
 22214 | Orc:1    | Reached skill level 17 in Axes
 22397 | Orc:1    | 22397 ||| Stepping ~*~*~tactically~*~*~ (hiding).
 22507 | Orc:1    | 22507 ||| Stepping ~*~*~tactically~*~*~ (stealth).
 22509 | Orc:1    | 22509 ||| Stepping ~*~*~tactically~*~*~ (hiding).
 22511 | Orc:1    | 22511 ||| INVOKING Heroism.
 22533 | Orc:1    | Noticed an orc warlord
 22534 | Orc:1    | 22534 ||| INVOKING Finesse.
 22543 | Orc:1    | HP: 10/97 [orc warlord/+1 long sword (18)]
 22544 | Orc:1    | 22544 ||| DRINKING 6 potions of heal wounds.
 22545 | Orc:1    | 22545 ||| DRINKING 5 potions of heal wounds.
 22549 | Orc:1    | Killed an orc warlord
 22780 | Orc:1    | 22780 ||| Stepping ~*~*~tactically~*~*~ (hiding).
 22781 | Orc:1    | 22781 ||| Stepping ~*~*~tactically~*~*~ (hiding).
 22950 | Orc:2    | Entered Level 2 of the Orcish Mines
 22951 | Orc:2    | 22951 ||| INVOKING Heroism.
 22952 | Orc:2    | 22952 ||| STAIRDANCE
 23084 | Orc:2    | 23084 ||| INVOKING Heroism.
 23096 | Orc:2    | Reached XP level 16. HP: 73/103 MP: 21/23
 23129 | Orc:2    | HP: 22/104 [orc priest/divine providence (12)]
 23130 | Orc:2    | 23130 ||| DRINKING 4 potions of heal wounds.
 23132 | Orc:2    | 23132 ||| DRINKING 3 potions of heal wounds.
 23146 | Orc:2    | 23146 ||| INVOKING Heroism.
 23148 | Orc:2    | HP: 25/104 [orc priest/divine providence (9)]
 23149 | Orc:2    | 23149 ||| DRINKING 2 potions of heal wounds.
 23166 | Orc:2    | 23166 ||| FLEEEEING.
 23167 | Orc:2    | 23167 ||| FLEEEEING.
 23168 | Orc:2    | 23168 ||| STAIRDANCE
 23476 | Orc:2    | 23476 ||| Stepping ~*~*~tactically~*~*~ (hiding).
 23478 | Orc:2    | 23478 ||| Stepping ~*~*~tactically~*~*~ (hiding).
 23480 | Orc:2    | 23480 ||| Stepping ~*~*~tactically~*~*~ (hiding).
 23481 | Orc:2    | 23481 ||| Stepping ~*~*~tactically~*~*~ (hiding).
 23494 | Orc:2    | 23494 ||| Stepping ~*~*~tactically~*~*~ (stealth).
 23496 | Orc:2    | 23496 ||| Stepping ~*~*~tactically~*~*~ (hiding).
 23522 | Orc:2    | 23522 ||| Stepping ~*~*~tactically~*~*~ (hiding).
 23553 | Orc:2    | 23553 ||| Stepping ~*~*~tactically~*~*~ (stealth).
 23604 | Orc:2    | 23604 ||| Stepping ~*~*~tactically~*~*~ (hiding).
 23605 | Orc:2    | 23605 ||| Stepping ~*~*~tactically~*~*~ (hiding).
 23727 | Orc:2    | Found a staircase to the Elven Halls.
 23736 | Orc:2    | 23736 ||| Stepping ~*~*~tactically~*~*~ (hiding).
 23895 | Orc:2    | 23895 ||| INVOKING Heroism.
 24012 | Orc:2    | 24012 ||| Stepping ~*~*~tactically~*~*~ (hiding).
 24046 | Orc:2    | 24046 ||| Stepping ~*~*~tactically~*~*~ (hiding).
 24047 | Orc:2    | 24047 ||| Stepping ~*~*~tactically~*~*~ (hiding).
 24053 | Orc:2    | 24053 ||| INVOKING Heroism.
 24071 | Orc:2    | 24071 ||| Stepping ~*~*~tactically~*~*~ (stealth).
 24076 | Orc:2    | 24076 ||| Stepping ~*~*~tactically~*~*~ (stealth).
 24096 | Orc:2    | 24096 ||| Stepping ~*~*~tactically~*~*~ (hiding).
 24119 | Orc:2    | Found a bloodstained altar of Trog.
 24208 | Orc:2    | Found Pasumy's Antique Weapon Shop.
 24208 | Orc:2    | Found Zueh's Weapon Boutique.
 24209 | Orc:2    | Found Culiumes's Antique Armour Boutique.
 24213 | Orc:2    | Found Zuapaila's Antique Armour Shop.
 24218 | Orc:2    | 24218 ||| BUYING embroidered scarf (264 gold).
 24218 | Orc:2    | Bought an embroidered scarf for 264 gold pieces
 24218 | Orc:2    | 24218 ||| BUYING pair of jewelled gloves (313 gold).
 24218 | Orc:2    | Bought a pair of jewelled gloves for 313 gold pieces
 24218 | Orc:2    | Identified the +1 pair of gloves of Cedik {rF+ Dex-4
                  | Stlth+} (You bought it in a shop on level 2 of the Orcish
                  | Mines)
 24218 | Orc:2    | 24218 ||| BUYING runed chain mail (247 gold).
 24218 | Orc:2    | Bought a runed chain mail for 247 gold pieces
 24219 | Orc:2    | 24219 ||| BUYING glowing helmet (172 gold).
 24219 | Orc:2    | Bought a glowing helmet for 172 gold pieces
 24219 | Orc:2    | 24219 ||| BUYING runed chain mail (172 gold).
 24219 | Orc:2    | Bought a runed chain mail for 172 gold pieces
 24266 | Orc:2    | 24266 ||| DROPPING scarf of repulsion.
 24267 | Orc:2    | 24267 ||| DROPPING +0 plate armour.
 24268 | Orc:2    | 24268 ||| DROPPING +1 chain mail of fire resistance.
 24269 | Orc:2    | 24269 ||| DROPPING +1 helmet of intelligence.
 24270 | Orc:2    | 24270 ||| DROPPING +4 chain mail.
 24295 | Orc:1    | 24295 ||| INVOKING Heroism.
 24425 | Orc:1    | 24425 ||| PLANNING SHOALS:1-3
 24617 | Shoals:1 | Entered Level 1 of the Shoals
 24617 | Shoals:1 | Found a transporter.
 24686 | Shoals:1 | 24686 ||| Stepping ~*~*~tactically~*~*~ (stealth).
 24688 | Shoals:1 | 24688 ||| Stepping ~*~*~tactically~*~*~ (hiding).
 24741 | Shoals:1 | 24741 ||| Stepping ~*~*~tactically~*~*~ (stealth).
 24747 | Shoals:1 | 24747 ||| INVOKING Heroism.
 25015 | Shoals:1 | 25015 ||| Stepping ~*~*~tactically~*~*~ (stealth).
 25256 | Shoals:1 | Found a transporter.
 25267 | Shoals:1 | Reached skill level 18 in Axes
 25278 | Shoals:1 | 25278 ||| Stepping ~*~*~tactically~*~*~ (hiding).
 25382 | Shoals:1 | 25382 ||| Stepping ~*~*~tactically~*~*~ (stealth).
 25383 | Shoals:1 | 25383 ||| Stepping ~*~*~tactically~*~*~ (stealth).
 25385 | Shoals:1 | 25385 ||| Stepping ~*~*~tactically~*~*~ (hiding).
 25386 | Shoals:1 | 25386 ||| Stepping ~*~*~tactically~*~*~ (hiding).
 25387 | Shoals:1 | 25387 ||| Stepping ~*~*~tactically~*~*~ (hiding).
 25392 | Shoals:1 | 25392 ||| INVOKING Heroism.
 25548 | Shoals:2 | 25548 ||| STAIRDANCE
 25554 | Shoals:2 | 25554 ||| STAIRDANCE
 25579 | Shoals:2 | 25579 ||| STAIRDANCE
 25584 | Shoals:1 | 25584 ||| INVOKING Heroism.
 25735 | Shoals:2 | 25735 ||| STAIRDANCE
 25737 | Shoals:1 | 25737 ||| INVOKING Heroism.
 25752 | Shoals:2 | 25752 ||| STAIRDANCE
 25803 | Shoals:2 | 25803 ||| INVOKING Heroism.
 25825 | Shoals:2 | Reached skill level 12 in Armour
 25909 | Shoals:2 | 25909 ||| INVOKING Heroism.
 25922 | Shoals:2 | Received a gift from Okawaru
 25929 | Shoals:2 | 25929 ||| INVOKING Finesse.
 26774 | Shoals:3 | 26774 ||| INVOKING Heroism.
 26794 | Shoals:3 | Received a gift from Okawaru
 26843 | Shoals:3 | 26843 ||| INVOKING Heroism.
 26897 | Shoals:3 | Noticed Polyphemus
 26898 | Shoals:3 | 26898 ||| INVOKING Heroism.
 26899 | Shoals:3 | 26899 ||| INVOKING Finesse.
 26909 | Shoals:3 | Killed Polyphemus
 26916 | Shoals:3 | Reached skill level 6 in Throwing
 26961 | Shoals:3 | 26961 ||| INVOKING Heroism.
 27163 | Shoals:3 | 27163 ||| FLEEEEING.
 27164 | Shoals:3 | 27164 ||| FLEEEEING.
 27165 | Shoals:3 | 27165 ||| FLEEEEING.
 27166 | Shoals:3 | 27166 ||| FLEEEEING.
 27167 | Shoals:3 | 27167 ||| INVOKING Heroism.
 27176 | Shoals:3 | Reached XP level 17. HP: 109/109 MP: 22/24
 27185 | Shoals:3 | 27185 ||| INVOKING Heroism.
 27213 | Shoals:3 | 27213 ||| INVOKING Heroism.
 27219 | Shoals:3 | HP: 23/109 [merfolk/+0 trident (6)]
 27220 | Shoals:3 | 27220 ||| READING 2 scrolls of teleportation.
 27221 | Shoals:3 | 27221 ||| DRINKING potion of heal wounds.
 27272 | Shoals:3 | 27272 ||| FLEEEEING.
 27279 | Shoals:3 | 27279 ||| STAIRDANCE
 27737 | Shoals:3 | 27737 ||| INVOKING Heroism.
 28085 | Shoals:3 | 28085 ||| PLANNING SPIDER:1-3
 28186 | Spider:1 | Entered Level 1 of the Spider Nest
 28239 | Spider:1 | 28239 ||| INVOKING Finesse.
 28542 | Spider:1 | 28542 ||| Stepping ~*~*~tactically~*~*~ (stealth).
 28544 | Spider:1 | 28544 ||| Stepping ~*~*~tactically~*~*~ (stealth).
 28568 | Spider:1 | 28568 ||| Stepping ~*~*~tactically~*~*~ (stealth).
 28570 | Spider:1 | Received a gift from Okawaru
 28671 | Spider:1 | 28671 ||| Stepping ~*~*~tactically~*~*~ (hiding).
 28674 | Spider:1 | 28674 ||| INVOKING Heroism.
 28677 | Spider:1 | 28677 ||| Stepping ~*~*~tactically~*~*~ (hiding).
 28678 | Spider:1 | 28678 ||| Stepping ~*~*~tactically~*~*~ (hiding).
 28693 | Spider:1 | 28693 ||| INVOKING Finesse.
 28817 | Spider:1 | Received a gift from Okawaru
 29104 | Spider:1 | 29104 ||| INVOKING Finesse.
 29282 | Spider:1 | 29282 ||| Stepping ~*~*~tactically~*~*~ (hiding).
 29384 | Spider:1 | 29384 ||| INVOKING Heroism.
 29649 | Spider:2 | 29649 ||| Stepping ~*~*~tactically~*~*~ (hiding).
 29652 | Spider:2 | 29652 ||| INVOKING Heroism.
 29663 | Spider:2 | Received a gift from Okawaru
 29684 | Spider:2 | HP: 24/111 [moth of wrath (6)]
 29685 | Spider:2 | 29685 ||| READING scroll of teleportation.
 29685 | Spider:2 | HP: 8/111 [wolf spider (16)]
 29690 | Spider:2 | You are sucked into a shaft and drop 1 floor!
 29700 | Spider:3 | HP: 8/111 [jumping spider (3)]
 30075 | Spider:2 | 30075 ||| INVOKING Heroism.
 30077 | Spider:2 | Received a gift from Okawaru
 30086 | Spider:2 | HP: 19/112 [steelbarb worm (27)]
 30095 | Spider:2 | HP: 19/112 [barbs]
 30102 | Spider:2 | HP: 12/112 [wolf spider (4)]
 30105 | Spider:2 | HP: 5/112 [demonic crawler (7)]
 30105 | Spider:2 | Mangled by a wolf spider

Levels and vault maps discovered:
D:1:      giann_horns, layout_basic, chequers_ecumenical_altar_twisty,
          minmay_tetromino_o2
D:2:      layout_basic, uniq_terence, uniq_robin
D:3:      cheibrodos_helix_gallery, layout_loops_ring,
          mainiacjoe_overflow_catwalk, uniq_jessica
D:4:      layout_rooms, temple_green, nicolae_elemental_shop,
          pf_guarded_unrand_delatra
D:5:      layout_layer_cave, mainiacjoe_overflow_small_starburst,
          nicolae_ossuary_entry_plus
D:6:      layout_cave_pools, grunt_temple_overflow_gold_and_silver
D:7:      layout_gridville, mainiacjoe_overflow_concentric_impassable,
          grunt_temple_overflow_open
D:8:      layout_basic, uniq_psyche
D:9:      layout_rooms, erik_lair_orcish_takeover, uniq_grum
D:10:     layout_roguey, nicolae_lava_and_water, hangedman_weighted_door,
          chequers_serial_rivers_large_a
D:11:     layout_irregular_city, ploomutoo_gammafunk_ghost_potion_laboratory,
          uniq_nergalle, uniq_fannar
D:12:     layout_rooms, orc_0_dummy, serial_shops, shop, eino_jars
D:13:     layout_loops_corners, david_vaults_1, nicolae_trove_entry_diagonal,
          serial_shops, shop_statue, shop, shop_coins
D:14:     layout_loops_ring, gammafunk_ghost_hydra_chop,
          nicolae_cairo_tiling_large, nrook_campfire, drop_trap,
          hangedman_ranch, uniq_roxanne, uniq_rupert, uniq_josephine, uniq_kirke
D:15:     gammafunk_depths_entry_grave, layout_basic, old_standard_altar,
          serial_shops, nicolae_square_shop, minmay_diamond_spiral
Temple:   pdpol_scorched_temple
Lair:1:   wad_woods_stonehenge, layout_regular_city
Lair:2:   layout_gridlike, shoals_dummy_entry, dreamdust_mushroom_princess,
          serial_bayou_shore_a
Lair:3:   layout_loops_ring, spider_nest_entry_funnel_web, grunt_megastairs_3
Lair:4:   layout_hall_layers, chequers_serial_rivers_large_b
Lair:5:   hellmonk_lair_end_abyssal_woods, layout_gridlike,
          minmay_slime_entry_oklob_open,
          hellmonk_guarded_unrand_seven_league_boots
Shoals:1: gammafunk_sealed_arena, layout_shoals
Shoals:2: layout_shoals, portal_ice_cave_entry_dragon
Shoals:3: layout_shoals, nicolae_shoals_shepherds, uniq_polyphemus
Spider:1: layout_cave_pods, drop_trap, spiders_nest_spider_trap
Spider:2: layout_spider_delve, nicolae_crawler_farm
Spider:3: layout_cave_pods
Orc:1:    layout_caves
Orc:2:    st_orc_mages, layout_caves, david_defended_altar_orc

Skill      XL: |  1  2  3  4  5  6  7  8  9 10 11 12 13 14 15 16 17 |
---------------+----------------------------------------------------+-----
Axes           | 2 3 4 5 6 7 9 10 11 12 14 15 17 18 | 18.0
Fighting       | 4 5 7 8 9 10 12 13 14 | 14.5
Armour         | 4 6 7 8 9 10 11 12 13 | 13.0
Dodging        | 1 2 3 4 |  4.0
Shields        | 6 9 10 11 12 13 14 | 14.0
Invocations    | 1 4 7 10 | 10.0
Throwing       | 3 4 6 8 |  8.0

Action                   |  1- 3 |  4- 6 |  7- 9 | 10-12 | 13-15 | 16-18 || total
-------------------------+-------+-------+-------+-------+-------+-------++-------
Melee: War axe           |    76 |       |       |       |       |       ||    76
       Broad axe         |     7 |   138 |   146 |   418 |   894 |   755 ||  2358
       Morningstar       |       |       |       |    10 |       |       ||    10
Throw: Javelin           |       |       |       |    46 |    12 |    40 ||    98
       Boomerang         |       |       |       |    28 |    89 |    45 ||   162
Invok: Heroism           |       |       |       |    35 |    51 |    22 ||   108
       Finesse           |       |       |       |     3 |    13 |     5 ||    21
  Use: Scroll            |     3 |     8 |     8 |     9 |    12 |     2 ||    42
       Potion            |     1 |     3 |     1 |     3 |     2 |     4 ||    14
Armor: Scale mail        |    29 |       |       |       |       |       ||    29
       Ring mail         |     2 |    20 |       |       |       |       ||    22
       Plate armour      |       |    55 |    12 |       |       |       ||    67
       Ice dragon scales |       |       |    75 |   202 |   364 |   411 ||  1052
Dodge: Dodged            |    31 |    35 |    43 |   100 |   200 |   233 ||   642
Block: Buckler           |    17 |    21 |    21 |       |       |       ||    59
       Kite shield       |       |       |     5 |   282 |   638 |   647 ||  1572
       Reflection        |       |       |       |     2 |    39 |    22 ||    63

Table legend:
 A = Non-vault XP
 B = Vault XP
 C = Vault XP percentage of total XP
 D = Non-vault monster count
 E = Vault monster count
 F = Vault count percentage of total count
                 A         B        C        D         E       F
            +---------+---------+-------+---------+---------+-------
      Total |  161782 |   60778 |  27.3 |     664 |     217 |  24.6
            +---------+---------+-------+---------+---------+-------
        D:1 |      40 |       4 |   9.1 |      25 |       2 |   7.4
        D:2 |      32 |      72 |  69.2 |      13 |      13 |  50.0
        D:3 |      30 |      41 |  57.7 |      10 |       3 |  23.1
        D:4 |      77 |     229 |  74.8 |      17 |      11 |  39.3
        D:5 |     285 |       0 |   0.0 |      13 |       0 |   0.0
        D:6 |     711 |       0 |   0.0 |      10 |       0 |   0.0
        D:7 |    1938 |       0 |   0.0 |      17 |       0 |   0.0
        D:8 |    1801 |     673 |  27.2 |      26 |       4 |  13.3
        D:9 |    1447 |     679 |  31.9 |      28 |       7 |  20.0
       D:10 |    2844 |    1877 |  39.8 |      16 |       5 |  23.8
       D:11 |    2816 |    1651 |  37.0 |      17 |       2 |  10.5
       D:12 |    6518 |     672 |   9.3 |      19 |       7 |  26.9
       D:13 |   10756 |    5476 |  33.7 |      26 |      13 |  33.3
       D:14 |   12062 |    4872 |  28.8 |      20 |       8 |  28.6
       D:15 |    4387 |    8791 |  66.7 |       8 |      12 |  60.0
     Lair:1 |    1951 |    1293 |  39.9 |       7 |       6 |  46.2
     Lair:2 |    4733 |       0 |   0.0 |      23 |       0 |   0.0
     Lair:3 |   10352 |    2828 |  21.5 |      32 |      15 |  31.9
     Lair:4 |    6858 |       0 |   0.0 |      18 |       0 |   0.0
     Lair:5 |    7771 |   16107 |  67.5 |      30 |      47 |  61.0
   Shoals:1 |   17640 |     854 |   4.6 |      39 |       1 |   2.5
   Shoals:2 |   12905 |       0 |   0.0 |      26 |       0 |   0.0
   Shoals:3 |   17476 |    6322 |  26.6 |      39 |       8 |  17.0
   Spider:1 |   17170 |    2783 |  13.9 |      47 |       9 |  16.1
   Spider:2 |    7541 |       0 |   0.0 |      22 |       0 |   0.0
   Spider:3 |    2686 |       0 |   0.0 |      12 |       0 |   0.0
      Orc:1 |    5657 |       0 |   0.0 |      63 |       0 |   0.0
      Orc:2 |    3298 |    5554 |  62.7 |      41 |      44 |  51.8
            +---------+---------+-------+---------+---------+-------
